AoeStats
← Ю菜刀 —

Arabia

508828393Analyzed
4v4 RM · 8d ago on Sep 24, 2026· 20m 18s· 8 players
Game mode
Random Map
Map size
Large (8 player)
Population
200
Speed
Normal
Resources
Standard
Victory
Conquest
Starting age
Dark Age
Ending age
Imperial Age
RankedLock teamsTeams togetherTeam positionsShared explorationLock speedFull tech treeHidden civsTurbo modeCheats
Victory
Defeat
🇹🇼 Varangians · Taiwan
1285
+13
🇦🇷 Teutons · Argentina
1274
+13
🇹🇼 Saxons · Taiwan
1257
+14
🇫🇷 Poles · France
1219
+17
🇳🇨 Byzantines · New Caledonia
1235
-15
🇨🇳 Turks · China
1228
-15
🇨🇳 Huns · China
1211
-14
🇫🇷 Danes · France
1193
-13
Ю菜刀 —
0:59 Loom
11:31 Feudal Age
12:15 Double-Bit Axe
16:28 Castle Age
15:20 Scale Mail Armor
16:25 Horse Collar
17:46 Bow Saw
20:14 Wheelbarrow
Boy oh boy
6:41 Loom
9:13 Feudal Age
9:56 Double-Bit Axe
14:02 Fletching
我大E了,没有闪
10:34 Feudal Age
12:47 Loom
15:39 Castle Age
16:47 Double-Bit Axe
K1ller401
6:14 Loom
6:42 Loom
9:09 Feudal Age
9:47 Double-Bit Axe
10:02 Horse Collar
10:27 Man-at-Arms
16:52 Wheelbarrow
18:48 Padded Archer Armor
18:45 Fletching
JoN
7:14 Loom
10:10 Feudal Age
11:11 Double-Bit Axe
13:32 Bloodlines
14:16 Horse Collar
17:20 Forging
22:11 Castle Age
20:45 Scale Barding Armor
11HQQQQ
7:29 Loom
9:35 Feudal Age
13:21 Fletching
16:49 Town Watch
疫拳抄人
8:49 Feudal Age
9:54 Double-Bit Axe
9:55 Horse Collar
11:45 Loom
18:16 Bloodlines
19:05 Scale Barding Armor
19:11 Forging
22:30 Castle Age
SKYRIM
6:48 Loom
9:15 Feudal Age
11:52 Fletching
Connection lost

Rejoining the realm…

Still unreachable

The connection could not be restored.

Session expired

The server has moved on; the page needs a fresh start.